 Dungeon Sprint DCSS version 0.30-a0-824-g6c64550be9 (webtiles) character file.

Game seed: 13694824963331237017

138 BigDaddyOpFi the Cleaver (level 9, -4/91 HPs)
             Began as a Hill Orc Fighter on Feb 27, 2023.
             Was an Elder of Wu Jian.
             Slain by a hellwing (15 damage)
             ... in the Dungeon (Sprint VI: "Thunderdome").
             The game lasted 00:03:00 (638 turns).

BigDaddyOpFi the Cleaver (Hill Orc Fighter)          Turns: 638, Time: 00:03:00

Health: -4/91      AC: -14   Str: 23    XL:     9   Next: 14%
Magic:  9/9        EV:  9    Int: 13    God:    Wu Jian [****..]
Gold:   40         SH:  7    Dex: 16    Spells: 8/8 levels left

rFire   + . .      SeeInvis +    q - +0 broad axe
rCold   + + .      Faith    .    c - +0 buckler
rNeg    . . .      Spirit   .    b - +0 scale mail
rPois   +          Reflect  .    (no helmet)
rElec   +          Harm     .    (no cloak)
rCorr   +          Rampage  .    (no gloves)
Will    .....      NoTele   +    (no boots) Stlth
                                 d - amulet of Thoughtfulness {Acrobat rElec}
HPRegen 0.35/turn                o - ring of Ejot {rC+ SInv}
MPRegen 0.11/turn                p - ring "Agiqes Busm" {rPois Int+5 Dex+6}

@: resistant, corroded, on berserk cooldown, serpent's lash
A: no striking features
a: Renounce Religion, Wall Jump, Serpent's Lash


You were in the Dungeon.
You worshipped Wu Jian.
Wu Jian was greatly pleased with you.
You visited 1 branch You collected 400 gold pieces.
You spent 360 gold pieces at shops.

Inventory:

Hand Weapons
 a - a +0 demon trident
 q - a +0 broad axe (weapon)
Armour
 b - a +0 scale mail (worn)
 c - a +0 buckler (worn)
Jewellery
 d - the amulet of Thoughtfulness (around neck) {Acrobat rElec}
   (You bought it in a shop in the Dungeon)

   [amulet of the acrobat]

   It increases your evasion while moving and waiting.
   rElec:     It insulates you from electricity.
 o - the ring of Ejot (left hand) {rC+ SInv}
   (You bought it in a shop in the Dungeon)

   [ring of protection from cold]

   rC:        It protects you from cold.
   SInv:      It lets you see invisible.
 p - the ring "Agiqes Busm" (right hand) {rPois Int+5 Dex+6}
   (You bought it in a shop in the Dungeon)

   [ring of dexterity]

   Int:       It affects your intelligence (+5).
   Dex:       It affects your dexterity (+6).
   rPois:     It protects you from poison.
Scrolls
 j - 3 scrolls of blinking
 n - 3 scrolls of fog
Potions
 g - 2 potions of haste
 h - 2 potions of magic


   Skills:
 + Level 12.5 Fighting
 + Level 13.3 Axes
 + Level 11.5 Armour
 + Level 11.5 Shields


You had 8 spell levels left.
You didn't know any spells.
Your spell library was empty.

Dungeon Overview and Level Annotations

Branches:
Dungeon (1/1)

Altars:
Cheibriados
Dithmenos
Fedhas
Gozag
Kikubaaqudgha
Makhleb
Okawaru
Qazlal
Ru
Sif Muna
Trog
Uskayaw
Vehumet
Wu Jian
Xom
Yredelemnul
Zin
The Shining One
Beogh
Lugonu

Shops:
D *[??*?*:[((!!!!


Message History

You feel much better.
You feel much better. The hellwing closely misses you. The hellwing hits you.
You hit the hellwing but do no damage. The hellwing barely misses you.
You block the hellwing's attack. The hellwing hits you!
You block the hellwing's attack.
You completely miss the hellwing. 50... The hellwing hits you!
You block the hellwing's attack.
You closely miss the hellwing.
You feel yourself speed up. The hellwing barely misses you.
The hellwing hits you! x2
* * * LOW HITPOINT WARNING * * *
The hellwing hits you.
* * * LOW HITPOINT WARNING * * *
You feel much better. The hellwing hits you!
* * * LOW HITPOINT WARNING * * *
The hellwing hits you.
* * * LOW HITPOINT WARNING * * *
You feel protected. The hellwing barely misses you. The hellwing hits you!
* * * LOW HITPOINT WARNING * * *
Okay, then.
Okay, then.
Aiming: Wall Jump
Press: ? - help, Dir - move target An orange demon comes into view.
The orange demon screeches!
The hellwing barely misses you. The hellwing hits you.
* * * LOW HITPOINT WARNING * * *
Unknown command.
Your muscles tense, ready for explosive movement...
You barely miss the hellwing. You completely miss the hellwing.
The hellwing closely misses you. x2
You hit the hellwing.
The hellwing is lightly wounded.
You block the hellwing's attack. The hellwing barely misses you.
You hit the hellwing.
The hellwing is moderately wounded.
The hellwing hits you!
You die...

#⌠.)...[.....⌠#
#.8.........8.######
......###......___∩##
..[)8.# #.8........∩###
......###.............##
..[###...###..........⌠#
...# #.<.# #..4.......⌠#
..)###...###..........⌠#
......###.......@4....##
....8.# #.8........∩###
......###.......__∩##
#.8.........8.######
#⌠...........⌠#
###.........###
#_......._# #_......._#
#_......._#


You could see an orange demon and a hellwing.

Vanquished Creatures
  A sixfirhy (D)
  2 rust devils (D)
  A red devil (D)
  A phantom (D)
  2 necrophages (D)
  2 scorpions (D)
  6 orc priests (D)
  2 worms (D)
  2 giant cockroaches (D)
  A ball python skeleton (D)
  A quokka skeleton (D)
21 creatures vanquished.

Notes
Turn   | Place    | Note
-------+----------+-------------------------------------------
     0 | D        | BigDaddyOpFi the Hill Orc Fighter began the quest for the
                  | Orb.
     0 | D        | Reached XP level 1. HP: 19/19 MP: 1/1
     4 | D        | Found a bloodstained altar of Trog.
     4 | D        | Found a hide-covered altar of Uskayaw.
     5 | D        | Found a snail-covered altar of Cheibriados.
     5 | D        | Found an ornate altar of the Wu Jian Council.
     5 | D        | Round 1.
     6 | D        | Found a glowing golden altar of the Shining One.
     6 | D        | Found a burning altar of Makhleb.
     7 | D        | Found an ancient bone altar of Kikubaaqudgha.
     7 | D        | Found Unie's Identification Station.
     8 | D        | Found Liew's Jewellery.
     8 | D        | Found Yfann's Advanced Armour.
    10 | D        | Noticed a phantom
    19 | D        | Killed a phantom
    20 | D        | Reached skill level 5 in Fighting
    20 | D        | Reached skill level 5 in Axes
    20 | D        | Reached skill level 5 in Armour
    20 | D        | Reached skill level 5 in Shields
    20 | D        | Reached XP level 2. HP: 30/30 MP: 2/2
    20 | D        | Reached XP level 3. HP: 37/37 MP: 3/3
    20 | D        | Reached XP level 4. HP: 44/44 MP: 4/4
    22 | D        | Bought a bound golden amulet for 45 gold pieces
    22 | D        | Identified the amulet of Thoughtfulness {Acrobat rElec}
                  | (You bought it in a shop in the Dungeon)
    22 | D        | Bought a flickering silver ring for 45 gold pieces
    22 | D        | Identified the ring of Ejot {rC+ SInv} (You bought it in a
                  | shop in the Dungeon)
    22 | D        | Bought a fine granite ring for 45 gold pieces
    22 | D        | Identified the ring "Agiqes Busm" {rPois Int+5 Dex+6} (You
                  | bought it in a shop in the Dungeon)
    79 | D        | Found a sacrificial altar of Ru.
    80 | D        | Found a glowing silver altar of Zin.
    81 | D        | Found a blossoming altar of Fedhas.
    82 | D        | Found a roughly hewn altar of Beogh.
    82 | D        | Found an iron altar of Okawaru.
    82 | D        | Found a radiant altar of Vehumet.
    82 | D        | Found Jeilid's Premium Goods.
    82 | D        | Found Qisigeaf's Weapon Rack.
    83 | D        | Found Maahygh's Miscellaneous Merchandise.
    83 | D        | Found Wiparchi's Basic Armour.
    88 | D        | Found a stormy altar of Qazlal.
    89 | D        | Found an opulent altar of Gozag.
    90 | D        | Found Dyunay's Do-It-Yourself Clinic.
    90 | D        | Found a basalt altar of Yredelemnul.
    90 | D        | Found a shadowy altar of Dithmenos.
    90 | D        | Found a shimmering blue altar of Sif Muna.
    90 | D        | Found Sasoc's Distillery.
    91 | D        | Found Doegh's Bottled Wisdom.
    91 | D        | Found Puveemul's Distillery.
    91 | D        | Noticed a necrophage
    92 | D        | Noticed a necrophage
    95 | D        | Found a shimmering altar of Xom.
    96 | D        | Found a corrupted altar of Lugonu.
   101 | D        | Killed a necrophage
   102 | D        | Reached skill level 6 in Axes
   102 | D        | Reached XP level 5. HP: 47/51 MP: 5/5
   104 | D        | Reached skill level 7 in Axes
   107 | D        | Found Wuducw's Staff Store.
   108 | D        | Found Yjeyninete's Magic Scroll Shop.
   108 | D        | Found Rimui's Must-Have Magic.
   108 | D        | Found Juro's Magic Scroll Shop.
   116 | D        | Arena points: 12 (+12) [x2]
   126 | D        | Became a worshipper of the Wu Jian Council
   158 | D        | Round 2.
   171 | D        | Reached skill level 8 in Axes
   171 | D        | Reached XP level 6. HP: 43/61 MP: 6/6
   191 | D        | Reached * piety under Wu Jian
   255 | D        | Reached ** piety under Wu Jian
   255 | D        | Arena points: 54 (+42) [x3]
   256 | D        | Reached skill level 9 in Axes
   292 | D        | Bought a +0 broad axe for 120 gold pieces
   323 | D        | Round 3.
   449 | D        | Reached *** piety under Wu Jian
   450 | D        | Reached XP level 7. HP: 27/70 MP: 7/7
   458 | D        | Arena points: 138 (+84) [x4]
   459 | D        | Reached skill level 10 in Axes
   502 | D        | Round 4.
   511 | D        | Noticed a red devil
   523 | D        | Killed a red devil
   524 | D        | Reached skill level 10 in Fighting
   524 | D        | Reached skill level 11 in Axes
   555 | D        | Noticed a sixfirhy
   556 | D        | Noticed a rust devil
   556 | D        | Noticed a rust devil
   569 | D        | Killed a sixfirhy
   570 | D        | Reached skill level 12 in Axes
   570 | D        | Reached skill level 10 in Armour
   570 | D        | Reached skill level 10 in Shields
   570 | D        | Reached XP level 8. HP: 35/82 MP: 8/8
   585 | D        | Killed a rust devil
   585 | D        | Reached **** piety under Wu Jian
   596 | D        | HP: 2/124 [rust devil (10)]
   597 | D        | Killed a rust devil
   598 | D        | Reached skill level 13 in Axes
   598 | D        | Reached XP level 9. HP: 2/91 MP: 9/9
   622 | D        | Noticed a hellwing
   627 | D        | Bought 3 potions of heal wounds for 105 gold pieces
   634 | D        | Noticed an orange demon
   638 | D        | Slain by a hellwing

Illustrated notes

Levels and vault maps discovered:
D:        arena_sprint

Skill      XL: |  1  2  3  4  5  6  7  8 |
---------------+-------------------------+-----
Fighting       | 5 6 8 9 11 12 | 12.5
Axes           | 5 6 8 9 12 13 | 13.3
Armour         | 5 6 7 8 10 11 | 11.5
Shields        | 5 6 7 8 10 11 | 11.5

Action                     |  1- 3 |  4- 6 |  7- 9 || total
---------------------------+-------+-------+-------++-------
  Melee: War axe           |     4 |    30 |       ||    34
         Broad axe         |       |    27 |    31 ||    58
 Invoke: Serpent's Lash    |       |       |     2 ||     2
Ability: Lunge             |       |     4 |     1 ||     5
         Wall Jump         |       |       |     2 ||     2
         Whirlwind         |       |       |     1 ||     1
  Evoke: Wand              |       |       |    10 ||    10
    Use: Potion            |     2 |       |    11 ||    13
         Scroll            |       |       |     1 ||     1
 Armour: Scale mail        |       |    12 |     5 ||    17
  Dodge: Dodged            |     5 |    23 |    13 ||    41
  Block: Buckler           |       |    14 |    12 ||    26

Table legend: (Time is in decaauts)
 A = Elapsed time spent in this place.
 B = Non-inter-level travel time spent in this place.
 C = Inter-level travel time spent in this place.
 D = Time resting spent in this place.
 E = Time spent auto-exploring this place.
 F = Levels seen in this place.
 G = Mean time per level.
                   A        B        C        D        E       F      G
               +--------+--------+--------+--------+--------+-----+--------+
         Total |    633 |    633 |      0 |    276 |      0 |   1 |  633.0 |
       Dungeon |    633 |    633 |      0 |    276 |      0 |   1 |  633.0 |
               +--------+--------+--------+--------+--------+-----+--------+

Top non-repeatable levels by time:
       D: 633 daAuts
